 Dungeon Crawl Stone Soup version 0.18-a0-1800-gdc7a371 (webtiles) character file.

30 ekha the Chiller (level 3, -15/24 HPs)
             Began as a Vampire Ice Elementalist on Apr 24, 2016.
             Killed from afar by a hobgoblin (27 damage)
             ... with an exploding inner flame
             ... led by Robin
             ... hexed by the player character
             ... on level 2 of the Dungeon.
             The game lasted 00:19:17 (1044 turns).

ekha the Chiller (Vampire Ice Elementalist)         Turns: 1044, Time: 00:19:18

Health: -15/24     AC:  4    Str:  7    XL:     3   Next: 3%
Magic:  3/6        EV: 13    Int: 18    God:
Gold:   43         SH:  0    Dex: 14    Spells: 1 memorised, 5 levels left

rFire  . . .     SeeInvis +     r - +0 short sword
rCold  . . .     Gourm    .     a - +0 robe
rNeg   + + .     Faith    .     (no shield)
rPois  .         Spirit   .     (no helmet)
rElec  .         Dismiss  .     v - +0 cloak
rCorr  .         Reflect  .     u - +0 pair of gloves
SustAt .         Harm     .     (no boots)
MR     .....                    (no amulet)
Stlth  ++........               (no ring)
                                y - ring of positive energy

@: not resistant to hostile enchantments, unstealthy
A: fangs 3, see invisible, unbreathing
a: Bat Form


You were on level 2 of the Dungeon.
You were not thirsty.

You visited 1 branch of the dungeon, and saw 2 of its levels.

You collected 43 gold pieces.

Inventory:

Hand Weapons
 f - a +0 dagger of venom
 i - a cursed +0 club
 j - a +0 hunting sling
 k - a +0 club
 m - a cursed +0 dagger
 p - a +1 whip of venom
 r - a +0 short sword (weapon)
Missiles
 l - 21 stones (quivered)
 s - 20 arrows
Armour
 a - a +0 robe (worn)
 q - a +0 leather armour
 u - a +0 pair of gloves (worn)
 v - a +0 cloak (worn)
Jewellery
 y - a ring of positive energy (left hand)
Scrolls
 c - a scroll of remove curse {unknown}
 e - a scroll of teleportation {unknown}
 g - 2 scrolls of random uselessness {unknown}
 n - a scroll of identify {unknown}
Potions
 h - a potion of flight {unknown}
 o - a potion of heal wounds {unknown}
 w - a potion of haste {unknown}
 x - a potion of cancellation {unknown}
 z - a potion of curing {unknown}
Books
 b - a book of Frost

   Spells                             Type                      Level
   a - Freeze                         Ice                          1
   b - Throw Frost                    Conjuration/Ice              2
   c - Ozocubu's Armour               Charms/Ice                   3
   d - Throw Icicle                   Conjuration/Ice              4
   e - Summon Ice Beast               Ice/Summoning                4
Comestibles
 d - a bread ration


   Skills:
 + Level 2.5 Dodging
 + Level 3.1 Stealth
 + Level 2.3 Spellcasting
   Level 0.6 Conjurations
 + Level 3.7 Ice Magic


You had 5 spell levels left.
You knew the following spells:

 Your Spells              Type           Power        Failure   Level  Hunger
a - Freeze                Ice            ###.         4%          1    #......


Dungeon Overview and Level Annotations

Branches:
Dungeon (2/15)

Altars:

Annotations:
D:2 Robin


Innate Abilities, Weirdness & Mutations

You have razor-sharp teeth.
You have supernaturally acute eyesight.
You can survive without breathing.


Message History

The hobgoblin no longer looks unusually strong.
Robin roars a battlecry!
The goblins go into a battle-frenzy!
Robin says, "A pitiful Vampire like you will never find the ORB!"
As you read the scroll of immolation, it crumbles to dust.
The creatures around you are filled with an inner flame!
The hobgoblin no longer looks unusually strong.
Robin says, "A pitiful Vampire like you will never find the ORB!"
The hobgoblin barely misses you.
Robin says, "My goblins will feast on your bones."
Casting: Freeze
Confirm with . or Enter, or press ? or * to list all spells.
Aiming: Freeze
Press: ? - help, Shift-Dir - straight line, f/p - hobgoblin
Aim: a hobgoblin, wielding a club (severely wounded, unusually strong, inner flame)
You freeze the hobgoblin.
The hobgoblin explodes!
The fiery explosion engulfs you!
Ouch! That really hurt!
You die...

...# #.#.. #### #.#### #.....#
#.# #.....# #.# #.....# #.#
#.....# #.# #.....# #.# #.....#
#.#######..§§.##############
#..........@§g.gg...........
##############..§.§##############
..........# ####......
#########.# #.####.# .......†..#
#.. ########### ####


You could see Robin (inner flame), a hobgoblin (inner flame) and a goblin (inner
flame).

Vanquished Creatures
  2 dart slugs (D:1)
  A ball python (D:2)
  4 bats
  2 giant cockroaches
  2 goblins (D:2)
  4 hobgoblins
  3 kobolds
  A quokka (D:2)
  A giant newt (D:1)
  A rat (D:2)
21 creatures vanquished.

Notes
Turn   | Place    | Note
--------------------------------------------------------------
     0 | D:1      | ekha the Vampire Ice Elementalist began the quest for the Orb.
     0 | D:1      | Reached XP level 1. HP: 13/13 MP: 3/3
   351 | D:1      | Reached XP level 2. HP: 13/19 MP: 3/5
  1016 | D:2      | Noticed Robin
  1022 | D:2      | Reached XP level 3. HP: 10/24 MP: 4/6
  1044 | D:2      | Killed from afar by a hobgoblin

Vault maps used:
D:1:      shiori_arrival_elements
D:2:      uniq_iyjb, uniq_robin

Action                   || total
-------------------------++-------
Melee: Unarmed           ||    15
       Dagger            ||    15
       Bite              ||     4
       Hunting sling     ||     3
       Short sword       ||    13
 Cast: Freeze            ||    21
  Use: Scroll            ||     2
       Potion            ||     1
Armor: Robe              ||    25
Dodge: Dodged            ||    73
